 Dungeon Crawl Stone Soup version 0.19-a0-1008-g4c63d25 (webtiles) character file.

13664 poirepourri the Cleaver (level 12, -1/112 HPs)
             Began as a Hill Orc Fighter on July 22, 2016.
             Was a High Priest of Makhleb.
             Slain by Frances
             ... wielding a +2 scimitar of draining
              (16 damage)
             ... on level 12 of the Dungeon.
             The game lasted 00:23:20 (13673 turns).

poirepourri the Cleaver (Hill Orc Fighter)         Turns: 13673, Time: 00:23:21

Health: -1/112     AC: 19    Str: 24    XL:     12   Next: 8%
Magic:  13/13      EV: 11    Int:  8    God:    Makhleb [*****.]
Gold:   41         SH: 13    Dex: 10    Spells: 0 memorised, 11 levels left

rFire  + . .     SeeInvis .     w - +0 war axe (chop)
rCold  + . .     Gourm    .     b - +0 scale mail
rNeg   + . .     Faith    .     c - +0 shield
rPois  +         Spirit   .     (no helmet)
rElec  +         Dismiss  .     n - +2 cloak
rCorr  +         Reflect  +     e - +1 pair of gloves
SustAt .         Harm     .     (no boots)
MR     +....                    N - +2 amulet of reflection
Stlth  ..........               O - ring "Bosif" {rN+ MR+}
                                i - +6 ring of protection

@: about to teleport, resistant, drained, somewhat resistant to hostile
enchantments, extremely unstealthy
A: fangs 1, screaming 1
a: Minor Destruction, Lesser Servant of Makhleb, Major Destruction, Greater
Servant of Makhleb, Renounce Religion


You were on level 12 of the Dungeon.
You worshipped Makhleb.
Makhleb was extremely pleased with you.
You were very full.

You visited 2 branches of the dungeon, and saw 13 of its levels.
You also visited: Ice Cave.

You collected 511 gold pieces.
You spent 470 gold pieces at shops.

Inventory:

Hand Weapons
 w - a +0 war axe of chopping (weapon)
Missiles
 l - 4 bolts
Armour
 b - a +0 scale mail (worn)
 c - a +0 shield (worn)
 e - a +1 pair of gloves (worn)
 n - a +2 cloak (worn)
Jewellery
 a - an uncursed amulet of rage
 f - an uncursed ring of protection from magic
 i - a +6 ring of protection (left hand)
 p - an uncursed ring of positive energy
 u - an uncursed ring of resist corrosion
 v - an uncursed ring of ice
 x - an uncursed ring of resist corrosion
 B - the ring "Korusooss" {*Confuse rPois Str+8 SInv Stlth-}
   (You took it off an orc warrior on level 10 of the Dungeon)

   [ring of loudness]

   It affects your strength (+8).
   It protects you from poison.
   It lets you see invisible.
   It may confuse you when you take damage.
   It makes you less stealthy.
 N - a +2 amulet of reflection (around neck)
 O - the ring "Bosif" (right hand) {rN+ MR+}
   (You bought it in a shop on level 11 of the Dungeon)

   [ring of protection from magic]

   It protects you from negative energy.
   It affects your resistance to hostile enchantments.
Wands
 h - a wand of iceblast (0/15)
 s - a wand of slowing (37/48)
 z - a wand of enslavement (3/24)
 H - a wand of disintegration (10/24)
 J - a wand of flame (27/48)
 L - a wand of enslavement (6/24)
Scrolls
 d - 7 scrolls of remove curse
 g - a scroll of fear
 I - a scroll of magic mapping
Potions
 j - a potion of cancellation
 F - a potion of mutation
Comestibles
 k - 2 bread rations
 t - 6 fruits
 D - 9 royal jellies
 E - 4 beef jerkies


   Skills:
 + Level 12.0(11.5) Fighting
 + Level 14.2(13.8) Axes
 + Level 7.4(7.0) Armour
 + Level 6.4(6.0) Dodging
 - Level 1.0(0.7) Stealth
 + Level 7.9(7.5) Shields
 + Level 1.5(1.1) Invocations
 + Level 1.0(0.6) Evocations


You had 11 spell levels left.
You didn't know any spells.

Dungeon Overview and Level Annotations

Branches:
Dungeon (12/15)            Temple (1/1) D:6            Lair (0/6) D:10
    Orc (0/2) D:11

Altars:
Ashenzari
Dithmenos
Elyvilon
Fedhas
Gozag
Hepliaklqana
Kikubaaqudgha
Makhleb
Nemelex Xobeh
Okawaru
Pakellas
Qazlal
Ru
Sif Muna
Trog
Uskayaw
Vehumet
Xom
Yredelemnul
Zin
The Shining One

Shops:
D:11 =

Annotations:
D:6 shady's ghost, novice MiGl
D:11 Maurice
D:12 Frances


Innate Abilities, Weirdness & Mutations

You have very sharp teeth.
You occasionally shout uncontrollably at your foes.


Message History

You feel protected.
Frances hits you with a scimitar of draining!!
* * * LOW HITPOINT WARNING * * *
You partially resist.
You feel drained.
* * * LOW HITPOINT WARNING * * *
You feel better. Frances barely misses you.
You feel better.
Frances chants phrases taken from a devil's mouth.
The iron shot hits you!
* * * LOW HITPOINT WARNING * * *
You block Frances's attack.
You barely miss Frances. You bite Frances, but do no damage.
Frances is lightly wounded.
Frances screams a word of power!
Unknown command.
As you read the scroll of teleportation, it crumbles to dust.
You feel strangely unstable.
Frances mutters in a terrible tongue.
Frances hits you with a scimitar of draining!
You die...

#.# #.# .# #.# #.#
#.## #.# #.###...##
#.######.##.#.#.##
#............)...##
###########.#.#.?...
#....# ### #3#.##
#@#.# #@#.# #3#..
#3### #.# #.# #.#
#.#


You could see Frances, a smoke demon and 2 neqoxecs.

Vanquished Creatures
  4 hill giants
  2 ugly things
  A guardian serpent (D:10)
  A centaur skeleton (D:11)
  2 trolls
  2 two-headed ogres
  Sigmund (D:6)
  2 vampires (D:10)
  4 orc warriors
  Eustachio (D:5)
  A wyvern (D:10)
  17 yaks
  A hippogriff (D:11)
  A soldier ant (D:8)
  A mottled dragon (D:11)
  A water moccasin (D:9)
  9 ice beasts
  3 phantoms
  3 sky beasts
  A necrophage (D:10)
  2 eyes of draining
  2 black bears
  2 wasps
  4 ogres
  A centaur (D:7)
  A big kobold (D:10)
  Blork the orc (D:6)
  A gnoll sergeant (D:8)
  A wyvern zombie (D:7)
  8 giant frogs
  3 scorpions
  3 killer bees (D:9)
  2 electric eels (D:8)
  3 crimson imps
  2 giant frog skeletons
  Crazy Yiuf (D:2)
  3 orc priests
  4 hounds
  2 jellies
  2 iguanas
  9 worker ants
  Natasha (thrice) (D:2)
  11 orc wizards
  A killer bee zombie (D:5)
  A hound zombie (D:7)
  Robin (D:2)
  3 worker ant zombies
  14 gnolls
  12 adders
  6 river rats (D:10)
  3 shadow imps
  An ooze (D:1)
  4 worms
  2 dart slugs
  6 giant geckos
  27 orcs
  14 bats
  5 giant cockroaches
  18 goblins
  11 hobgoblins
  12 jackals
  11 kobolds
  6 quokkas
  2 ball pythons
  A ball python skeleton (D:6)
  A giant gecko skeleton (D:5)
  A giant gecko zombie (D:8)
  9 giant newts
  A jackal zombie (D:6)
  10 rats
  A fungus (D:10)
313 creatures vanquished.

Vanquished Creatures (collateral kills)
  A hydra (D:12)
  2 orc priests (D:7)
3 creatures vanquished.

Vanquished Creatures (others)
  An orc (D:7)
  6 fungi (D:10)
7 creatures vanquished.

Grand Total: 323 creatures vanquished

Notes
Turn   | Place    | Note
-------+----------+-------------------------------------------
     0 | D:1      | poirepourri the Hill Orc Fighter began the quest for the Orb.
     0 | D:1      | Reached XP level 1. HP: 19/19 MP: 1/1
   136 | D:1      | Reached XP level 2. HP: 9/27 MP: 2/2
   352 | D:1      | Reached skill level 3 in Axes
   539 | D:1      | Reached XP level 3. HP: 25/33 MP: 3/3
   851 | D:1      | Reached skill level 1 in Dodging
  1044 | D:2      | Noticed Natasha
  1059 | D:2      | Killed Natasha
  1059 | D:2      | Reached XP level 4. HP: 15/41 MP: 4/4
  1112 | D:2      | Noticed Natasha
  1127 | D:2      | Killed Natasha
  1289 | D:2      | Noticed Natasha
  1296 | D:2      | Killed Natasha
  1296 | D:2      | Reached skill level 4 in Axes
  1441 | D:2      | Reached XP level 5. HP: 38/47 MP: 5/5
  1629 | D:2      | Reached skill level 5 in Fighting
  1783 | D:2      | Noticed Robin
  1786 | D:2      | Killed Robin
  1956 | D:2      | Found a runed door.
  2251 | D:2      | Noticed Crazy Yiuf
  2258 | D:2      | Killed Crazy Yiuf
  2258 | D:2      | Reached skill level 1 in Stealth
  2355 | D:3      | Reached XP level 6. HP: 56/56 MP: 6/6
  2490 | D:3      | Reached skill level 5 in Axes
  2525 | D:3      | Found a deep blue altar of Sif Muna.
  3493 | D:4      | Reached XP level 7. HP: 51/62 MP: 7/7
  3512 | D:4      | Reached skill level 6 in Axes
  3971 | D:5      | Entered Level 5 of the Dungeon
  4257 | D:5      | Reached skill level 7 in Axes
  4372 | D:5      | Noticed Eustachio
  4380 | D:5      | Killed Eustachio
  4380 | D:5      | Reached XP level 8. HP: 56/71 MP: 8/8
  4382 | D:5      | Reached skill level 8 in Axes
  4742 | D:6      | Noticed shady's ghost (novice MiGl)
  5523 | D:6      | Found a staircase to the Ecumenical Temple.
  5956 | D:6      | Reached skill level 9 in Axes
  6619 | D:6      | Noticed Sigmund
  6639 | D:6      | Killed Sigmund
  6884 | Temple   | Entered the Ecumenical Temple
  6921 | Temple   | Became a worshipper of Makhleb the Destroyer
  7032 | D:6      | Noticed Blork the orc
  7038 | D:6      | Killed Blork the orc
  7038 | D:6      | Reached skill level 10 in Axes
  7440 | D:7      | Reached XP level 9. HP: 81/82 MP: 9/9
  7632 | D:7      | Reached skill level 11 in Axes
  7715 | D:7      | Reached * piety under Makhleb
  7775 | D:7      | Found a basalt altar of Yredelemnul.
  7779 | D:7      | Found a blossoming altar of Fedhas.
  7780 | D:7      | Found a glowing golden altar of the Shining One.
  7788 | D:7      | Found a hide-covered altar of Uskayaw.
  7791 | D:7      | Found a shattered altar of Ashenzari.
  9409 | D:8      | Reached skill level 10 in Fighting
  9619 | D:9      | Reached ** piety under Makhleb
 10337 | D:9      | Reached XP level 10. HP: 93/93 MP: 10/10
 10429 | D:9      | Reached skill level 12 in Axes
 10446 | D:9      | Reached skill level 5 in Armour
 10449 | D:9      | Reached skill level 5 in Shields
 11054 | D:10     | Entered Level 10 of the Dungeon
 11409 | D:10     | Noticed a hill giant
 11418 | D:10     | Killed a hill giant
 11418 | D:10     | Reached skill level 5 in Dodging
 11474 | D:10     | Reached *** piety under Makhleb
 11514 | D:10     | Reached skill level 1 in Evocations
 11527 | D:10     | Noticed a hill giant
 11548 | D:10     | Killed a hill giant
 11558 | D:10     | Reached skill level 13 in Axes
 11558 | D:10     | Reached XP level 11. HP: 79/102 MP: 6/11
 11601 | D:10     | Reached **** piety under Makhleb
 11613 | D:10     | Got a faintly glowing ivory ring
 11751 | D:10     | Found a staircase to the Lair.
 12149 | D:11     | Found Sulese's Jewellery Shop.
 12153 | D:11     | Bought the ring "Bosif" {rN+ MR+} for 470 gold pieces
 12314 | D:11     | Found a staircase to the Orcish Mines.
 12558 | D:11     | Identified the ring "Korusooss" {*Confuse rPois Str+8 SInv Stlth-} (You took it off an orc warrior on level 10 of the Dungeon)
 12591 | D:11     | Noticed Maurice
 12679 | D:11     | Found a sparkling altar of Nemelex Xobeh.
 12789 | D:11     | Found a frozen archway.
 12794 | IceCv    | Entered an ice cave
 12794 | IceCv    | Noticed a white ugly thing
 12797 | IceCv    | Gained mutation: You have very sharp teeth. [potion of beneficial mutation]
 12804 | IceCv    | Reached ***** piety under Makhleb
 12816 | IceCv    | Killed a white ugly thing
 12908 | IceCv    | Noticed a white ugly thing
 12922 | D:11     | Killed a white ugly thing
 13153 | D:12     | Reached skill level 14 in Axes
 13240 | D:12     | Noticed a four-headed hydra
 13251 | D:12     | Killed a four-headed hydra
 13254 | D:12     | Gained mutation: You occasionally shout uncontrollably at your foes. [a neqoxec]
 13292 | D:12     | Noticed a hill giant
 13300 | D:12     | Killed a hill giant
 13300 | D:12     | Reached skill level 1 in Invocations
 13300 | D:12     | Reached XP level 12. HP: 34/112 MP: 12/12
 13658 | D:12     | Noticed Frances
 13673 | D:12     | Slain by Frances

Vault maps used:
D:1:      dpeg_arrival_snail, minmay_newt_pond
D:2:      first_bread, minmay_misc_feat_pillars, uniq_natasha, uniq_robin,
          uniq_crazy_yiuf_cottage
D:3:      lemuel_upstairs_altar, lemuel_blue_sif_altar
D:5:      kennysheep_decorative_pillar, serial_bayou_ford_a,
          minmay_fountain_box, kennysheep_path_1, uniq_eustachio
D:6:      uniq_sigmund, uniq_blork_the_orc
D:7:      minmay_overflow_temple_star_hex
D:8:      statuecave_lemuel, hangedman_pestilent_swarm, minmay_curled_crystal
D:9:      nicolae_overflow_hidden_temple, hangedman_abyss_or_decor_passed
D:10:     grunt_lair_entry_orc_guard_hut, nrook_guardian_serpent_ordinary
D:11:     orc_0_dummy, portal_ice_cave_entry_pillars_1, serial_shops,
          kennysheep_mini_moat, nemelex_diamond_rough_becter, uniq_maurice
D:12:     minmay_guarded_unrand_finisher, uniq_frances
Temple:   regret_index_temple_waves
IceCv:    ice_cave_statue_garden_teleport

Skill      XL: |  1  2  3  4  5  6  7  8  9 10 11 12 |
---------------+-------------------------------------+-----
Fighting       | 4 5 6 8 10 11 12 | 12.0
Axes           | 3 4 5 7 10 11 13 14 | 14.2
Dodging        | 1 2 3 4 5 6 |  6.4
Stealth        | 1 |  1.0
Armour         | 4 6 7 |  7.4
Shields        | 4 5 7 |  7.9
Evocations     | 1 |  1.0
Invocations    | 1 |  1.5

Action                   |  1- 3 |  4- 6 |  7- 9 | 10-12 || total
-------------------------+-------+-------+-------+-------++-------
Melee: War axe           |   126 |   213 |   444 |   450 ||  1233
       Bite              |       |       |       |    14 ||    14
Invok: Lesser Servant of |       |       |       |     5 ||     5
Evoke: Wand              |       |       |     3 |     3 ||     6
  Use: Scroll            |       |    10 |     8 |    10 ||    28
       Potion            |       |     2 |     9 |     7 ||    18
  Eat: Bread ration      |     1 |     1 |     2 |     2 ||     6
       Fruit             |       |       |     2 |       ||     2
       Meat ration       |       |       |     2 |     1 ||     3
       Pizza             |       |       |     2 |     1 ||     3
       Royal jelly       |       |       |     1 |       ||     1
       Beef jerky        |       |       |     1 |       ||     1
Armor: Scale mail        |    49 |    74 |   167 |   190 ||   480
       Skin              |       |       |    13 |       ||    13
Dodge: Dodged            |    40 |    67 |   150 |   140 ||   397
Block: Shield            |    75 |   119 |   166 |   223 ||   583
       Reflection        |       |       |       |     1 ||     1
